 Dungeon Crawl Stone Soup version 0.22.1-6-g1668fe2c40 (webtiles) character file.

64 Jerry the Skirmisher (level 3, 0/29 HPs)
             Began as a Demonspawn Chaos Knight on Jan 19, 2019.
             Slain by an iron imp (5 damage)
             ... summoned by Natasha
             ... on level 2 of the Dungeon.
             The game lasted 00:01:48 (1180 turns).

Jerry the Skirmisher (Demonspawn Chaos Knight)      Turns: 1180, Time: 00:01:49

Health: 0/29       AC:  7    Str: 13    XL:     3   Next: 91%
Magic:  3/3        EV: 13    Int: 13    God:    Xom [..*...]
Gold:   39         SH:  0    Dex: 12    Spells: 2/2 levels left

rFire    . . .     SeeInvis .   a - +0 mace (chaos)
rCold    + . .     Gourm    .   (no shield)
rNeg     . . .     Faith    .   m - +2 ring mail {rC+}
rPois    .         Spirit   .   (helmet restricted)
rElec    .         Reflect  .   (no cloak)
rCorr    +         Harm     .   (no gloves)
MR       .....                  (no boots)
Stlth    +.........             (no amulet)
HPRegen  0.09/turn              k - ring of resist corrosion
MPRegen  0.08/turn              (no ring)

@: slowed, very slow
A: antennae 1, repulsion field 1
a: Renounce Religion


You were on level 2 of the Dungeon.
You worshipped Xom.
You were a toy of Xom.
You were hungry.

You visited 1 branch of the dungeon, and saw 2 of its levels.

You collected 39 gold pieces.

Inventory:

Hand Weapons
 a - a +0 mace of chaos (weapon)
Armour
 b - a +2 leather armour
 m - a +2 ring mail of cold resistance (worn)
Jewellery
 h - a cursed ring of teleportation {unknown}
 k - a ring of resist corrosion (left hand)
Scrolls
 d - a scroll of immolation {unknown}
 f - a scroll of identify {unknown}
 i - a scroll of fog {unknown}
Potions
 e - a potion of curing {unknown}
 g - a potion of heal wounds {unknown}
 j - 3 potions of magic {unknown}
 l - a potion of berserk rage {unknown}
Comestibles
 c - 5 rations


   Skills:
 + Level 3.5 Fighting
 + Level 3.2 Maces & Flails
 + Level 2.4 Armour
 + Level 1.8 Dodging


You had 2 spell levels left.
You didn't know any spells.
Your spell library was empty.

Dungeon Overview and Level Annotations

Branches:
Dungeon (2/15)

Altars:

Annotations:
D:2 Natasha


Innate Abilities, Weirdness & Mutations

You have a pair of small antennae on your head.
You are surrounded by a mild repulsion field. (EV +2)


Message History

Natasha is heavily wounded.
The rat barely misses you. Natasha misses you. The rat misses you.
Natasha closely misses you.
Natasha falters for a moment.
The rat closely misses you.
Natasha mumbles some strange words.
You closely miss the rat.
Natasha casts a spell.
The rat closely misses you. The rat bites you but does no damage.
You barely miss Natasha.
Natasha is heavily wounded.
Natasha falters for a moment.
The rat closely misses you.
The crimson imp blinks!
Natasha falters for a moment.
The rat closely misses you.
You closely miss Natasha.
Natasha is heavily wounded.
The iron imp closely misses you. Natasha claws you.
* * * LOW HITPOINT WARNING * * *
The rat bites you but does no damage. The iron imp hits you.
You die...
Xom is highly amused!

..# ####.#.#####....( .(
#..####......# #(.....
..###........#######<)....
....##.......# #..))....
..#....#....####..........
...$.........<...#.#.##...
..#......5.##.###..#.##.##
......§....##.###.##.##.#
.......§r@.?...... ..##.#
......§§h5..##.##. ... ..
####.........# . ...
#.......#.# #.
.............
..(......##..).
####.....<. .....
#.###)#.. ....


You could see an iron imp, Natasha, a crimson imp and a rat.

Vanquished Creatures
  Natasha (D:2)
  An adder (D:2)
  An ooze (D:1)
  2 worms
  4 goblins
  2 hobgoblins (D:1)
  2 jackals (D:1)
  3 ball pythons (D:1)
  A bat (D:1)
  3 frilled lizards (D:1)
  A kobold (D:2)
  2 rats (D:1)
23 creatures vanquished.

Notes
Turn   | Place    | Note
-------+----------+-------------------------------------------
     0 | D:1      | Jerry the Demonspawn Chaos Knight began the quest for the
                  | Orb.
     0 | D:1      | Reached XP level 1. HP: 18/18 MP: 1/1
    17 | D:1      | Reached skill level 1 in Dodging
   387 | D:1      | XOM: potion effect (berserk rage)
   390 | D:1      | Gained mutation: You have a pair of small antennae on your
                  | head. [demonic ancestry]
   390 | D:1      | Reached XP level 2. HP: 24/24 MP: 2/2
   698 | D:1      | XOM: divination: magic mapping
   764 | D:1      | XOM: harmless Tmut miscast
   853 | D:2      | XOM: smoke on damage
  1134 | D:2      | Noticed Natasha
  1137 | D:2      | Gained mutation: You are surrounded by a mild repulsion
                  | field. (EV +2) [demonic ancestry]
  1137 | D:2      | Reached XP level 3. HP: 28/29 MP: 3/3
  1142 | D:2      | Killed Natasha
  1164 | D:2      | Noticed Natasha
  1165 | D:2      | XOM: harmless Hex miscast
  1170 | D:2      | XOM: smoke on damage
  1180 | D:2      | Slain by an iron imp

Skill      XL: |  1  2 |
---------------+-------+-----
Dodging        | 1 |  1.8
Armour         | 2 |  2.4
Maces & Flails | 3 |  3.2
Fighting       | |  3.5

Action                   || total
-------------------------++-------
Melee: Mace              ||    64
Armor: Leather armour    ||     6
       Ring mail         ||    20
Dodge: Dodged            ||    56
